[Event "Titled Tuesday Blitz January 10 Late 2023"]
[White "Karttunen, Mika"]
[Black "Bazeev, German"]
[WhiteFideId "502081"]
[BlackFideId "24119350"]
[WhiteElo "2490"]
[BlackElo "2369"]
[Result "0-1"]
[Round "07"]
[TimeControl "180+2"]
[Date "2023.01.10"]
[WhiteClock "0:00:06"]
[BlackClock "0:00:46"]

1. e4 c5 2. Nf3 Nf6 3. e5 Nd5 4. Nc3 Nxc3 5. dxc3 Nc6 6. Bc4 Qc7 7. Qe2 e6 8. Bd2 h6 9. h4 b6 10. h5 Bb7 11. O-O-O a6 12. Rh4 b5 13. Bd3 c4 14. Be4 Ne7 15. Bf4 Rb8 16. Bh2 Bxe4 17. Rxe4 Rc8 18. Red4 Rd8 19. Qe4 Nc6 20. R4d2 b4 21. Qxc4 bxc3 22. Rd3 cxb2+ 23. Kb1 Be7 24. Nd4 O-O 25. Nxc6 dxc6 26. Bf4 Rd5 27. Rxd5 exd5 28. Rxd5 Qc8 29. Rd3 Qf5 30. g3 Qxh5 31. Kxb2 Qf5 32. Qxa6 Rb8+ 33. Rb3 Rf8 34. Qxc6 g5 35. Be3 Qxe5+ 36. Kb1 Bf6 37. c3 Rd8 38. Bd4 Qe1+ 39. Kb2 Bxd4 40. cxd4 Qxf2+ 41. Qc2 Qxd4+ 42. Qc3 Qf2+ 43. Ka3 Ra8+ 44. Kb4 Qb6+ 0-1


[Site "https://www.chess.com"]

[Event "Titled Tuesday Blitz January 10 Late 2023"]
[White "Pham, Khoi"]
[Black "Goryachkina, Aleksandra"]
[WhiteFideId "1054988"]
[BlackFideId "4147103"]
[WhiteElo "2355"]
[BlackElo "2571"]
[Result "1/2-1/2"]
[Round "07"]
[TimeControl "180+2"]
[Date "2023.01.10"]
[WhiteClock "0:00:10"]
[BlackClock "0:00:05"]

1. e4 c5 2. Nf3 e6 3. d4 cxd4 4. Nxd4 Nf6 5. Nc3 Nc6 6. Ndb5 Bc5 7. Bf4 O-O 8. Bd6 Bxd6 9. Qxd6 a6 10. Nd4 Ne7 11. O-O-O b5 12. f3 Bb7 13. g4 Ne8 14. Qg3 b4 15. Nce2 a5 16. g5 a4 17. h4 Qb6 18. Kb1 b3 19. cxb3 axb3 20. a3 Nd6 21. Nc3 Rfc8 22. Nxe6 dxe6 23. Qxd6 Qf2 24. Be2 Ng6 25. h5 Nf8 26. Qd4 Qg3 27. Rhg1 Qc7 28. h6 e5 29. Qd6 Qa5 30. hxg7 Ne6 31. Nd5 Bxd5 32. Rxd5 Qa7 33. Rgd1 Qf2 34. R5d2 Rc2 35. Qd3 Rac8 36. Qxb3 Rxd2 37. Rxd2 Nd4 38. Qd3 Qe1+ 39. Bd1 Nxf3 40. Qxf3 Qxd2 41. Qe2 Rc1+ 42. Ka2 Rxd1 43. Qxd2 Rxd2 44. a4 Kxg7 45. a5 Rd4 46. Ka3 Kg6 47. b4 Kxg5 48. a6 h5 49. b5 h4 50. a7 Rd8 51. b6 h3 52. b7 h2 53. b8=Q Rxb8 54. axb8=Q h1=Q 55. Qxe5+ Kg6 56. Qf5+ Kg7 57. Kb4 Qb1+ 58. Kc4 Qa2+ 59. Kd4 Qb2+ 60. Ke3 Qc1+ 61. Kf3 Qf1+ 62. Kg4 Qxf5+ 63. Kxf5 f6 64. e5 fxe5 65. Kxe5 1/2-1/2


[Site "https://www.chess.com"]

[Event "Titled Tuesday Blitz January 10 Late 2023"]
[White "Tristan, Leonardo"]
[Black "Taghizadeh, Rayan"]
[WhiteFideId "113816"]
[BlackFideId "2054019"]
[WhiteElo "2545"]
[BlackElo "2273"]
[Result "0-1"]
[Round "07"]
[TimeControl "180+2"]
[Date "2023.01.10"]
[WhiteClock "0:00:06"]
[BlackClock "0:00:06"]

1. d4 Nf6 2. Nf3 e6 3. Bf4 b6 4. e3 Bb7 5. Nbd2 Nh5 6. Bg5 Be7 7. Bxe7 Qxe7 8. Bd3 O-O 9. Qe2 d6 10. O-O-O e5 11. dxe5 dxe5 12. Be4 Bxe4 13. Nxe4 Nf6 14. Qc4 Nxe4 15. Qxe4 Nd7 16. g4 Rfe8 17. g5 Nc5 18. Qf5 a5 19. h4 Qe6 20. Qxe6 Rxe6 21. Rd5 Rae8 22. Rhd1 f6 23. Rd8 Kf7 24. b3 Rxd8 25. Rxd8 Ne4 26. Rh8 Kg6 27. gxf6 gxf6 28. Rg8+ Kf7 29. Rg2 Re8 30. Kd1 Rd8+ 31. Ke1 Nc3 32. Nd2 Nxa2 33. h5 Nb4 34. c4 c6 35. Ke2 b5 36. Rg1 a4 37. bxa4 bxa4 38. h6 Rg8 39. Ra1 Ra8 40. Ra3 c5 41. Nb1 Nc2 42. Ra2 a3 43. Nc3 Nb4 44. Ra1 a2 45. Kd2 Kg6 46. Kc1 Kxh6 47. Kb2 Nd3+ 48. Kc2 Nb4+ 49. Kb3 Kg5 50. Nd5 Nxd5 51. cxd5 Kf5 52. Kc4 Ke4 53. d6 Kf5 54. Kxc5 Ke6 55. Kc6 Rc8+ 56. Kb7 Rc2 57. Rd1 Kd7 58. e4 Rxf2 59. Rh1 Re2 60. Rxh7+ Kxd6 61. Rh1 Kc5 62. Rd1 Kb4 63. Kb6 Kb3 64. Kc5 Kb2 65. Kb4 a1=Q 66. Rb1+ Qxb1 67. Ka4 Qc2+ 0-1


[Site "https://www.chess.com"]

[Event "Titled Tuesday Blitz January 10 Late 2023"]
[White "Sai Krishna G V"]
[Black "Pein, Jonathan"]
[WhiteFideId "5028280"]
[BlackFideId "417092"]
[WhiteElo "2384"]
[BlackElo "2265"]
[Result "1-0"]
[Round "07"]
[TimeControl "180+2"]
[Date "2023.01.10"]
[WhiteClock "0:00:20"]
[BlackClock "0:00:07"]

1. e4 e5 2. Nf3 d6 3. d4 exd4 4. Nxd4 Nf6 5. Nc3 g6 6. Bg5 Bg7 7. Qd2 h6 8. Bh4 O-O 9. O-O-O Re8 10. f3 Nxe4 11. Nxe4 Qxh4 12. Bc4 Nc6 13. Nb5 Qd8 14. g4 a6 15. Nbc3 Ne5 16. Bb3 Be6 17. Qf4 Bxb3 18. axb3 a5 19. Nd5 Re6 20. g5 a4 21. gxh6 Bf8 22. Ng5 Bxh6 23. h4 axb3 24. cxb3 Ra1+ 25. Kc2 Rxd1 26. Rxd1 Qd7 27. Nf6+ Rxf6 28. Qxf6 Bg7 29. Qf4 Qc6+ 30. Kb1 Qb5 31. Rc1 Qxb3 32. Rxc7 Qxb2+ 33. Kxb2 Nd3+ 34. Kb3 Nxf4 35. Rxf7 Be5 36. Rxb7 Ng2 37. Ne6 Nxh4 38. f4 Bf6 39. Kc4 Nf5 40. Kd5 Be7 41. Ng5 Kg7 42. Ke6 Kh6 43. Rxe7 Nxe7 44. Kxe7 d5 45. Ne6 Kh5 46. Kf6 Kg4 47. Ke5 d4 48. Kxd4 g5 49. fxg5 Kf5 50. Kd5 Kg6 51. Ke5 Kf7 52. Kf5 Kg8 53. g6 Kh8 54. Kf6 Kg8 55. g7 Kh7 56. Kf7 Kh6 57. g8=Q 1-0


[Site "https://www.chess.com"]

[Event "Titled Tuesday Blitz January 10 Late 2023"]
[White "Jimenez Almeida, Luis David"]
[Black "Barrientos, Sergio E"]
[WhiteFideId "22242244"]
[BlackFideId "4401824"]
[WhiteElo "2242"]
[BlackElo "2479"]
[Result "1-0"]
[Round "07"]
[TimeControl "180+2"]
[Date "2023.01.10"]
[WhiteClock "0:00:24"]
[BlackClock "0:00:07"]

1. e4 c6 2. Nc3 d5 3. Qf3 e6 4. Nh3 Nd7 5. d4 Ngf6 6. e5 Ng8 7. Bd3 h6 8. Nf4 Ne7 9. Nh5 Nb6 10. h4 Qc7 11. g4 Nd7 12. g5 hxg5 13. hxg5 Rg8 14. Bd2 g6 15. Nf6+ Nxf6 16. gxf6 Nf5 17. Bxf5 exf5 18. O-O-O Be6 19. Rh7 O-O-O 20. Ne2 c5 21. Nf4 Qb6 22. Be3 cxd4 23. Bxd4 Qa6 24. Kb1 Kb8 25. Rdh1 Bb4 26. Qb3 Bd2 27. Nd3 Qc4 28. Nc5 Qxb3 29. axb3 Rde8 30. Nxe6 Rxe6 31. Rxf7 Bf4 32. Rhh7 Bxe5 33. Rxb7+ Ka8 34. Rxa7+ Kb8 35. Bxe5+ Rxe5 36. Rae7 Rxe7 37. Rxe7 Rd8 38. f7 Kc8 39. Re8 1-0


[Site "https://www.chess.com"]

[Event "Titled Tuesday Blitz January 10 Late 2023"]
[White "Dimitrov, Atanas"]
[Black "Kaplan, Avi Harrison"]
[WhiteFideId "2901315"]
[BlackFideId "30934559"]
[WhiteElo "2269"]
[BlackElo "2146"]
[Result "1-0"]
[Round "07"]
[TimeControl "180+2"]
[Date "2023.01.10"]
[WhiteClock "0:01:13"]
[BlackClock "0:00:17"]

1. Nf3 c5 2. c4 Nc6 3. Nc3 e5 4. b3 d6 5. Bb2 Be6 6. e3 f5 7. d4 e4 8. d5 exf3 9. dxe6 fxg2 10. Bxg2 Nf6 11. Qd3 g6 12. O-O-O Be7 13. Kb1 O-O 14. f4 Qc8 15. Nd5 Qxe6 16. Nxf6+ Qxf6 17. Bxf6 Bxf6 18. Bxc6 bxc6 19. Qxd6 Kg7 20. Qxc5 Rad8 21. Rxd8 Rxd8 22. Qxa7+ Kh6 23. Qf7 Bh4 24. Rc1 Rd2 25. Rc2 Rd1+ 26. Kb2 c5 27. Qf8+ Kh5 28. Qxc5 Bf6+ 29. Ka3 Rd7 30. Qc6 Ra7+ 31. Kb4 Bg7 32. c5 Kh6 33. Qb6 Ra8 34. c6 Bf8+ 35. Kb5 g5 36. c7+ Kh5 37. c8=Q Rxc8 38. Rxc8 Bh6 39. Rc6 Bg7 40. fxg5 f4 41. Rh6+ Kg4 42. Rxh7 Be5 43. Qe6+ Kf3 44. Qxe5 fxe3 45. Rf7+ Ke2 46. Re7 Kd2 47. Qxe3+ Kc2 48. Qe2+ Kc1 49. Rc7+ Kb1 50. Rf7 Ka1 51. Rf1# 1-0


[Site "https://www.chess.com"]

[Event "Titled Tuesday Blitz January 10 Late 2023"]
[White "Hernandez Gonzalez, William"]
[Black "Lacasa Diaz, Jose Antonio"]
[WhiteFideId "3509915"]
[BlackFideId "2203375"]
[WhiteElo "2489"]
[BlackElo "2359"]
[Result "1-0"]
[Round "07"]
[TimeControl "180+2"]
[Date "2023.01.10"]
[WhiteClock "0:00:25"]
[BlackClock "0:00:04"]

1. e4 c5 2. Nf3 g6 3. d4 cxd4 4. Qxd4 Nf6 5. e5 Nc6 6. Qa4 Nd5 7. Qb3 Nc7 8. Nc3 Bg7 9. Bf4 O-O 10. O-O-O b6 11. h4 b5 12. h5 b4 13. Nd5 Ne6 14. Bb5 Bb7 15. hxg6 fxg6 16. Bh6 Bxh6+ 17. Rxh6 Rc8 18. Ng5 Rxf2 19. Bxc6 Rxc6 20. Nxb4 Rb6 21. Nxe6 Qc8 22. Nc5+ Kg7 23. Rdh1 1-0


[Site "https://www.chess.com"]

[Event "Titled Tuesday Blitz January 10 Late 2023"]
[White "Remizov, Yaroslav"]
[Black "Kuznecovs, Nikita"]
[WhiteFideId "34134015"]
[BlackFideId "11604557"]
[WhiteElo "2421"]
[BlackElo "2287"]
[Result "0-1"]
[Round "07"]
[TimeControl "180+2"]
[Date "2023.01.10"]
[WhiteClock "0:00:20"]
[BlackClock "0:00:24"]

1. e4 e6 2. Nc3 d5 3. g3 dxe4 4. Nxe4 Bd7 5. Qe2 Bc6 6. Nf3 Nf6 7. d3 Qd5 8. Nxf6+ gxf6 9. Bg2 Nd7 10. c4 Qa5+ 11. Bd2 Bb4 12. a3 Bxd2+ 13. Qxd2 Qxd2+ 14. Kxd2 O-O-O 15. Rhd1 Nc5 16. Kc3 Ba4 17. Rd2 Nb3 18. Re1 Nxd2 19. Nxd2 f5 20. d4 f4 21. b3 Bc6 22. Bxc6 bxc6 23. Ne4 Rhg8 24. Nf6 Rg6 25. Ne4 fxg3 26. hxg3 h5 27. Rh1 Rh8 28. Kb4 Rg4 29. f3 Rg6 30. Rh3 h4 31. gxh4 Rgh6 32. Ng5 Rxh4 33. Rg3 Rg8 34. Kc5 Rh5 35. f4 f6 36. Kxc6 fxg5 37. fxg5 Rhxg5 38. Rh3 e5 39. d5 R5g6+ 40. Kc5 Re8 41. b4 e4 42. Re3 Rf6 43. a4 Rf3 44. Re1 e3 45. Kc6 e2 46. c5 Rf1 47. d6 cxd6 48. cxd6 Kd8 49. Rxe2 Rxe2 50. Kb7 Rb1 51. b5 Ra2 52. b6 Rxb6+ 53. Ka8 Rb4 54. d7 Rbxa4 55. Kb7 Kxd7 56. Ka8 Rh2 57. Kb7 Rb4+ 58. Ka8 Rh8+ 59. Kxa7 Rh1 0-1


[Site "https://www.chess.com"]

[Event "Titled Tuesday Blitz January 10 Late 2023"]
[White "Korchmar, Vasiliy"]
[Black "Holt, Conrad"]
[WhiteFideId "24131750"]
[BlackFideId "2034387"]
[WhiteElo "2438"]
[BlackElo "2540"]
[Result "0-1"]
[Round "07"]
[TimeControl "180+2"]
[Date "2023.01.10"]
[WhiteClock "0:00:02"]
[BlackClock "0:01:11"]

1. e4 e6 2. d4 d5 3. e5 c5 4. c3 Nc6 5. Nf3 Bd7 6. Be2 f6 7. O-O fxe5 8. dxe5 Qc7 9. Bf4 Nh6 10. c4 d4 11. Bd3 Nf7 12. Qe2 Be7 13. h4 O-O-O 14. a3 Bxh4 15. Nxh4 g5 16. Bg3 gxh4 17. Bxh4 Ncxe5 18. Bxd8 Qxd8 19. Nd2 Rg8 20. Be4 Qh4 21. Nf3 Nxf3+ 22. Bxf3 Ng5 23. g3 Nxf3+ 24. Qxf3 Bc6 25. Qf8+ Rxf8 26. gxh4 Rf4 27. Rae1 Rxh4 28. f3 Kd7 29. Re2 b5 30. b3 bxc4 31. bxc4 d3 32. Re3 Rd4 33. Rd1 d2 34. Re2 Bxf3 35. Rdxd2 Bxe2 36. Rxe2 Rxc4 37. Rh2 Kd6 38. Rxh7 Ra4 39. Rh3 e5 40. Kf2 Kd5 41. Ke2 Rd4 42. Rh7 a5 43. Rd7+ Kc4 44. Ra7 Kb5 0-1


[Site "https://www.chess.com"]

[Event "Titled Tuesday Blitz January 10 Late 2023"]
[White "Kuznetsov, Felix"]
[Black "Souleidis, Georgios"]
[WhiteFideId "34147990"]
[BlackFideId "4206827"]
[WhiteElo "2254"]
[BlackElo "2419"]
[Result "1-0"]
[Round "07"]
[TimeControl "180+2"]
[Date "2023.01.10"]
[WhiteClock "0:00:07"]
[BlackClock "0:00:01"]

1. e4 c5 2. Nf3 e6 3. b3 a6 4. Bb2 Nc6 5. Nc3 d5 6. exd5 exd5 7. d4 Nf6 8. Be2 cxd4 9. Nxd4 Bc5 10. Nxc6 bxc6 11. O-O O-O 12. Na4 Bd6 13. c4 Re8 14. Bf3 Qc7 15. h3 dxc4 16. Bxf6 gxf6 17. Rc1 Be6 18. bxc4 Rad8 19. Qc2 Bh2+ 20. Kh1 Bf4 21. Rcd1 c5 22. Bd5 Be5 23. Rfe1 Qa5 24. Re3 Kh8 25. Nc3 Bd4 26. Rf3 Bxd5 27. Nxd5 Re1+ 28. Rxe1 Qxe1+ 29. Kh2 Kg7 30. g3 Re8 31. Qf5 Re6 32. Nf4 Rb6 33. Nh5+ Kf8 34. Qc8+ Qe8 35. Qc7 Qc6 36. Qd8+ Qe8 37. Qxb6 Qe4 38. Qd8+ Qe8 39. Qxe8+ Kxe8 40. Nxf6+ 1-0


[Site "https://www.chess.com"]

[Event "Titled Tuesday Blitz January 10 Late 2023"]
[White "Saveliev, Alexei"]
[Black "Kozak, Adam"]
[WhiteFideId "24128546"]
[BlackFideId "753246"]
[WhiteElo "2385"]
[BlackElo "2572"]
[Result "0-1"]
[Round "07"]
[TimeControl "180+2"]
[Date "2023.01.10"]
[WhiteClock "0:00:07"]
[BlackClock "0:00:10"]

1. c4 h6 2. Nc3 g5 3. d4 d6 4. e4 Bg7 5. h4 g4 6. Be3 h5 7. Bd3 Nc6 8. Nge2 e5 9. d5 Nce7 10. Qc2 Ng6 11. g3 Bh6 12. O-O-O b6 13. Kb1 Bxe3 14. fxe3 Nh6 15. Rhf1 O-O 16. Nf4 exf4 17. exf4 f5 18. exf5 Bxf5 19. Rfe1 Ne7 20. Nb5 Rf6 21. Nd4 Qf8 22. Re2 Bxd3 23. Qxd3 Nef5 24. Ne6 Qf7 25. Rde1 Re8 26. a4 a5 27. Ka2 Re7 28. Ka3 Qg6 29. Re4 Ng7 30. Ng5 Rxe4 31. Rxe4 Nf7 32. b4 Nxg5 33. hxg5 Rf8 34. Kb3 h4 35. gxh4 g3 36. bxa5 g2 37. h5 Nxh5 38. f5 Qxf5 39. Qe2 g1=Q 40. g6 Qgxg6 41. Re6 Qb1+ 42. Kc3 Rf3+ 43. Qxf3 Qgc2+ 44. Kd4 Qbb2+ 45. Ke3 Qbc3# 0-1


[Site "https://www.chess.com"]

[Event "Titled Tuesday Blitz January 10 Late 2023"]
[White "Preotu, Razvan"]
[Black "Adewumi, Tanitoluwa"]
[WhiteFideId "2613280"]
[BlackFideId "30966396"]
[WhiteElo "2475"]
[BlackElo "2283"]
[Result "0-1"]
[Round "07"]
[TimeControl "180+2"]
[Date "2023.01.10"]
[WhiteClock "0:00:04"]
[BlackClock "0:00:03"]

1. e4 c5 2. Nf3 e6 3. c3 Nf6 4. e5 Nd5 5. d4 cxd4 6. cxd4 b6 7. Bd2 Ba6 8. Bxa6 Nxa6 9. Nc3 Nac7 10. h4 Be7 11. Rh3 Nxc3 12. bxc3 b5 13. Rg3 Kf8 14. Ng5 h6 15. Ne4 Nd5 16. Qg4 g6 17. h5 g5 18. f4 Rg8 19. fxg5 hxg5 20. Nxg5 Ke8 21. h6 Bxg5 22. Bxg5 Qa5 23. h7 Rh8 24. Bf6 Nxf6 25. exf6 d6 26. Qg8+ Kd7 27. Qxf7+ Kc6 28. Kd2 Raf8 29. Qxe6 Re8 30. Qf5 Qa3 31. Qc2 Rxh7 32. Rb1 Rf7 33. Rf3 Rd7 34. f7 Rf8 35. Qe4+ d5 36. Qe6+ Rd6 37. Qf5 Qxa2+ 38. Ke1 Rh6 39. Rd1 Rh1+ 40. Rf1 Rxf1+ 41. Kxf1 Qc4+ 42. Kg1 Qxc3 43. Qf6+ Kd7 44. Re1 Qxe1+ 45. Kh2 Qe7 0-1


[Site "https://www.chess.com"]

[Event "Titled Tuesday Blitz January 10 Late 2023"]
[White "Ju, Wenjun"]
[Black "Kobalia, Mikhail"]
[WhiteFideId "8603006"]
[BlackFideId "4119150"]
[WhiteElo "2550"]
[BlackElo "2578"]
[Result "0-1"]
[Round "07"]
[TimeControl "180+2"]
[Date "2023.01.10"]
[WhiteClock "0:00:02"]
[BlackClock "0:00:19"]

1. d4 d5 2. c4 c6 3. Nf3 Nf6 4. e3 Bf5 5. Bd3 Bxd3 6. Qxd3 e6 7. O-O Nbd7 8. Nbd2 Bb4 9. e4 Bxd2 10. Nxd2 O-O 11. cxd5 exd5 12. e5 Ne8 13. f4 f5 14. Re1 Qe7 15. b4 Nc7 16. b5 cxb5 17. Bb2 b4 18. Rac1 Ne6 19. g3 Rac8 20. Rxc8 Rxc8 21. Qxf5 Nb6 22. Nf3 Nc4 23. Bc1 g6 24. Qd3 Qf7 25. Rf1 Qf5 26. Qe2 Qe4 27. Qxe4 dxe4 28. d5 Nc7 29. Ng5 Nxd5 30. Nxe4 Nc3 31. Nd6 Nxd6 32. exd6 Ne2+ 33. Kf2 Nxc1 34. d7 Nd3+ 35. Ke3 Rd8 36. Kxd3 Rxd7+ 37. Kc2 a5 38. Re1 Kf7 39. Re5 b6 40. Rb5 Rd6 41. g4 Kf6 42. f5 g5 43. h3 Rc6+ 44. Kb2 h6 45. Kb1 Kf7 46. Kb2 Kg7 47. Kb1 h5 48. gxh5 Kh6 49. Re5 Kxh5 50. Kb2 Kh4 51. Re6 Rc5 52. Rh6+ Kg3 53. f6 Rf5 54. Kb3 b5 55. Rg6 Kxh3 56. f7 g4 57. Rg7 g3 0-1


[Site "https://www.chess.com"]

[Event "Titled Tuesday Blitz January 10 Late 2023"]
[White "Borges Feria, Yasel"]
[Black "Yurovskykh, Oleksandr"]
[WhiteFideId "3504921"]
[BlackFideId "14134020"]
[WhiteElo "2439"]
[BlackElo "2328"]
[Result "1-0"]
[Round "07"]
[TimeControl "180+2"]
[Date "2023.01.10"]
[WhiteClock "0:00:32"]
[BlackClock "0:00:02"]

1. e4 c6 2. d4 d5 3. e5 Bf5 4. Nf3 e6 5. Be2 Ne7 6. O-O h6 7. Nbd2 Bh7 8. a4 Ng6 9. Nb3 Nd7 10. a5 a6 11. c4 Be7 12. Be3 O-O 13. Rc1 Rc8 14. Qd2 Nh4 15. Nxh4 Bxh4 16. cxd5 cxd5 17. Rxc8 Qxc8 18. Rc1 Qb8 19. Qc3 Bd8 20. f3 b6 21. axb6 Nxb6 22. Nc5 Nc4 23. Bxc4 dxc4 24. Nd7 Qb5 25. Nxf8 Bd3 26. Nd7 Ba5 27. Qa3 Bb4 28. Qa1 Qxd7 29. Qxa6 g5 30. b3 g4 31. bxc4 gxf3 32. Qa8+ Kh7 33. Qxf3 Bg6 34. d5 exd5 35. cxd5 1-0


[Site "https://www.chess.com"]

[Event "Titled Tuesday Blitz January 10 Late 2023"]
[White "Karacsonyi, Gellert"]
[Black "Lopez Mulet, Inigo"]
[WhiteFideId "764620"]
[BlackFideId "22235620"]
[WhiteElo "2385"]
[BlackElo "2403"]
[Result "1-0"]
[Round "07"]
[TimeControl "180+2"]
[Date "2023.01.10"]
[WhiteClock "0:02:01"]
[BlackClock "0:01:53"]

1. e4 c5 2. Nf3 g6 3. d4 cxd4 4. Nxd4 Bg7 5. Nc3 Nc6 6. Be3 Nf6 7. Bc4 O-O 8. Bb3 d6 9. f3 Bd7 10. Qd2 Nxd4 11. Bxd4 b5 12. Nd5 a5 13. Nxf6+ exf6 14. Bd5 Rc8 15. h4 h5 16. g4 hxg4 17. h5 f5 18. hxg6 Rxc2 19. Rh8+ Bxh8 20. Qh6 Rh2 21. gxf7+ Rxf7 22. Qg6+ Bg7 23. Qxg7# 1-0


[Site "https://www.chess.com"]

[Event "Titled Tuesday Blitz January 10 Late 2023"]
[White "Sourath Biswas"]
[Black "Injac, Teodora"]
[WhiteFideId "35091484"]
[BlackFideId "932400"]
[WhiteElo "2281"]
[BlackElo "2391"]
[Result "1-0"]
[Round "07"]
[TimeControl "180+2"]
[Date "2023.01.10"]
[WhiteClock "0:00:15"]
[BlackClock "0:00:08"]

1. d4 Nf6 2. Bf4 g6 3. Nc3 d5 4. e3 Bg7 5. h4 h5 6. Nf3 O-O 7. Be2 c5 8. dxc5 Nc6 9. O-O Bg4 10. Nd4 Qd7 11. Qd3 e5 12. Nxc6 exf4 13. Ne5 Qc7 14. Nxg4 hxg4 15. Nxd5 Nxd5 16. Qxd5 Rad8 17. Qc4 fxe3 18. fxe3 Qe5 19. Qf4 Qxf4 20. Rxf4 Rd2 21. Bd3 f5 22. Rb4 Re8 23. Re1 Bh6 24. Rxb7 Rxe3 25. Re7 Rxe7 26. Rxe7 g3 27. c6 Rd1+ 28. Bf1 Rd8 29. c7 1-0


[Site "https://www.chess.com"]

[Event "Titled Tuesday Blitz January 10 Late 2023"]
[White "Domingo Nunez, Ruben"]
[Black "Rangel, Daniel"]
[WhiteFideId "22245570"]
[BlackFideId "2124475"]
[WhiteElo "2416"]
[BlackElo "2207"]
[Result "1-0"]
[Round "07"]
[TimeControl "180+2"]
[Date "2023.01.10"]
[WhiteClock "0:00:10"]
[BlackClock "0:00:06"]

1. c4 Nf6 2. b3 e6 3. Bb2 d5 4. Nf3 c6 5. e3 Nbd7 6. Be2 a6 7. O-O b5 8. a4 b4 9. d4 c5 10. cxd5 Nxd5 11. dxc5 Bxc5 12. Bxg7 Rg8 13. Bb2 Bb7 14. Bd4 Bd6 15. Nbd2 Nc3 16. Bxc3 bxc3 17. Nc4 Bc7 18. Qd4 Qf6 19. Qxf6 Nxf6 20. Rac1 Ne4 21. Rfd1 Rd8 22. Rxd8+ Kxd8 23. g3 h5 24. Nfe5 f6 25. Nd3 h4 26. Kf1 hxg3 27. hxg3 Rh8 28. Kg1 Nd2 29. f3 Nxf3+ 30. Bxf3 Bxf3 31. Kf2 Be4 32. Rxc3 Rh2+ 33. Ke1 Bxg3+ 34. Kd1 Bf3+ 35. Kc1 e5 36. Nc5 f5 37. Rd3+ Ke8 38. Nd6+ Kf8 39. Ne6+ Kg8 40. Nxf5 Rh1+ 41. Kb2 Bf2 42. Ng5 Rd1 43. Rc3 Rd2+ 44. Kc1 Rd1+ 45. Kc2 Be2 46. Rc8+ 1-0


[Site "https://www.chess.com"]

[Event "Titled Tuesday Blitz January 10 Late 2023"]
[White "TheKnightOfBosnia"]
[Black "Papasimakopoulos, Alexandros"]
[BlackFideId "4244125"]
[WhiteElo "2537"]
[BlackElo "2401"]
[Result "1-0"]
[Round "07"]
[TimeControl "180+2"]
[Date "2023.01.10"]
[WhiteClock "0:00:34"]
[BlackClock "0:00:09"]

1. e4 e6 2. d4 d5 3. Nd2 Nf6 4. e5 Nfd7 5. Bd3 c5 6. c3 Nc6 7. Ne2 cxd4 8. cxd4 f6 9. exf6 Nxf6 10. Nf3 Bd6 11. O-O Qc7 12. Bg5 O-O 13. Rc1 h6 14. Bxf6 Rxf6 15. Ng3 Bd7 16. Rc3 Be8 17. Re1 g5 18. Ne5 Bxe5 19. dxe5 Rf4 20. Nh5 Bxh5 21. Qxh5 Qg7 22. g3 Rff8 23. Bb5 Nxe5 24. Rce3 Ng6 25. Rxe6 Rf6 26. Rxf6 Qxf6 27. Qxh6 Qf5 28. Bd7 Qxd7 29. Qxg6+ Qg7 30. Qxg7+ Kxg7 31. Re7+ Kf6 32. Rxb7 a5 33. Kf1 Ke5 34. Ke2 Rh8 35. Ra7 Rb8 36. b3 Rb5 37. Kd3 Rc5 38. Kd2 d4 39. f3 Rb5 40. Re7+ Kd6 41. Rg7 Ke6 42. Kd3 Kf6 43. Rd7 Rf5 44. Ke4 Re5+ 45. Kxd4 Re2 46. Rd6+ Kf7 47. Rd5 Rxh2 48. Rxa5 Kf6 49. Ke3 Rg2 50. Ra6+ Ke5 51. g4 Rc2 52. Ra5+ Kf6 53. Kd3 Rb2 54. Kc3 Rf2 55. Rf5+ Ke6 56. a4 Kd6 57. Kb4 Kc6 58. a5 Kb7 59. Kb5 Kc7 60. b4 Rf1 61. a6 Ra1 62. Rf7+ Kb8 63. Kb6 Kc8 64. a7 Ra5 65. bxa5 1-0


[Site "https://www.chess.com"]

[Event "Titled Tuesday Blitz January 10 Late 2023"]
[White "Gavilan Diaz, Mario"]
[Black "Mikhailov, Viacheslav"]
[WhiteFideId "2260905"]
[BlackFideId "4187369"]
[WhiteElo "2271"]
[BlackElo "2428"]
[Result "0-1"]
[Round "07"]
[TimeControl "180+2"]
[Date "2023.01.10"]
[WhiteClock "0:00:02"]
[BlackClock "0:00:40"]

1. d4 c5 2. d5 e5 3. c4 d6 4. Nc3 Be7 5. g3 a6 6. a4 f5 7. Bg2 Nf6 8. e4 O-O 9. Nge2 fxe4 10. Nxe4 Nxe4 11. Bxe4 Bh3 12. Ng1 Bf5 13. Qd3 Bxe4 14. Qxe4 Nd7 15. Nf3 Qe8 16. O-O Qh5 17. Kg2 Nf6 18. Qh4 Qg6 19. Qg5 Qe4 20. Qh4 Ng4 21. Qxe7 Qxf3+ 22. Kh3 Nxf2+ 23. Rxf2 Qxf2 24. Qxd6 Qf1+ 25. Kh4 Qxc4+ 26. Kh3 Qf1+ 27. Kh4 Rae8 28. b3 Rf2 29. h3 Rf7 30. Bb2 Qf5 31. Bc3 Rf6 32. Qxc5 Rh6# 0-1


[Site "https://www.chess.com"]

[Event "Titled Tuesday Blitz January 10 Late 2023"]
[White "Vlassov, Nikolai"]
[Black "gshwbedhkhd"]
[WhiteFideId "4103360"]
[WhiteElo "2283"]
[BlackElo "2527"]
[Result "1-0"]
[Round "07"]
[TimeControl "180+2"]
[Date "2023.01.10"]
[WhiteClock "0:01:47"]
[BlackClock "0:01:41"]

1. e4 c5 2. c3 Nf6 3. e5 Nd5 4. d4 cxd4 5. cxd4 e6 6. Nc3 Nxc3 7. bxc3 d6 8. f4 Bd7 9. Nf3 Bc6 10. Bd3 Nd7 11. O-O Rc8 12. Qe2 Be7 13. f5 dxe5 14. fxe6 fxe6 15. Ng5 Bxg5 16. Qh5+ Ke7 17. Ba3+ Nc5 18. Qxg5+ Kd7 1-0


[Site "https://www.chess.com"]

[Event "Titled Tuesday Blitz January 10 Late 2023"]
[White "Ansh M Shah"]
[Black "Haydon, David L"]
[WhiteFideId "25033379"]
[BlackFideId "415405"]
[WhiteElo "2171"]
[BlackElo "2253"]
[Result "1-0"]
[Round "07"]
[TimeControl "180+2"]
[Date "2023.01.10"]
[WhiteClock "0:00:15"]
[BlackClock "0:00:52"]

1. d4 c6 2. c4 d5 3. cxd5 cxd5 4. Nc3 Nf6 5. Bf4 Nc6 6. e3 Bg4 7. Nf3 Bxf3 8. gxf3 e6 9. Qb3 Qd7 10. Bd3 g6 11. O-O Bg7 12. Kh1 O-O 13. Rac1 Nh5 14. Bg3 Rfd8 15. Bb5 Rac8 16. Na4 Qe7 17. Bxc6 bxc6 18. Kg2 e5 19. dxe5 Bxe5 20. Nc5 Nxg3 21. hxg3 d4 22. exd4 Bxd4 23. Rfe1 Qf8 24. Ne4 c5 25. Rc2 Kg7 26. Rh1 h6 27. Qc4 f5 28. Nd2 f4 29. g4 h5 30. gxh5 Qf5 31. Ne4 Re8 32. hxg6 Qxg6+ 33. Kf1 Rxe4 34. fxe4 Qxe4 35. Rg1+ Kf6 36. Qe2 Qf5 37. Rd2 f3 38. Qd3 Qh3+ 39. Ke1 Re8+ 40. Kd1 Rg8 41. Rxg8 Qh1+ 42. Kc2 Kf7 43. Qg6+ Ke7 44. Re8+ 1-0


[Site "https://www.chess.com"]

[Event "Titled Tuesday Blitz January 10 Late 2023"]
[White "Abrahamyan, Tatev"]
[Black "Pasti, Aron"]
[WhiteFideId "13301918"]
[BlackFideId "785857"]
[WhiteElo "2294"]
[BlackElo "2361"]
[Result "1/2-1/2"]
[Round "07"]
[TimeControl "180+2"]
[Date "2023.01.10"]
[WhiteClock "0:00:13"]
[BlackClock "0:00:05"]

1. e4 c5 2. Nf3 e6 3. d4 cxd4 4. Nxd4 Nc6 5. Nc3 Qc7 6. f4 a6 7. Nxc6 bxc6 8. Bd3 d5 9. O-O Nf6 10. Qe2 Be7 11. Bd2 Rb8 12. b3 O-O 13. Rae1 d4 14. Nb1 e5 15. f5 a5 16. g4 h6 17. g5 hxg5 18. Bxg5 Nh7 19. Bxe7 Qxe7 20. Nd2 a4 21. Kh1 axb3 22. axb3 Kh8 23. Rg1 f6 24. Bc4 Bd7 25. Rg3 Be8 26. Rh3 Bf7 27. Rg1 Ra8 28. Qg4 Bxc4 29. Nxc4 Qf7 30. Nd6 Qg8 31. Rgg3 Rfd8 32. Nc4 d3 33. cxd3 Ra1+ 34. Kg2 Ra2+ 35. Kf1 Ra1+ 36. Ke2 Ra2+ 37. Nd2 Rb8 38. Rxh7+ Qxh7 39. Rh3 Rxb3 40. Rxh7+ Kxh7 41. Qh5+ Kg8 42. Qe8+ Kh7 43. Qxc6 Rbb2 44. Qc3 Kh6 45. Ke3 Rxd2 46. Qxd2 Rxd2 47. Kxd2 Kg5 48. Ke3 Kg4 49. d4 exd4+ 50. Kxd4 Kh3 51. e5 fxe5+ 52. Kxe5 Kxh2 53. Ke6 Kg3 54. Kf7 Kf4 55. Kxg7 Kxf5 1/2-1/2


[Site "https://www.chess.com"]